Map: Ever Dream LE

Players

antagomiR - Winner!

  • Race: Protoss Protoss
  • League: Gold
  • Spawn Location: 7:00

willy

  • Race: Protoss Protoss
  • League: Silver
  • Spawn Location: 1:00

VOD

Have the link to the VOD?

Description

Time

  • Played on: April 5, 2020, 7:31 p.m.
  • Length: 10:01
Show
View Real Time Build Order
Export as new Build Order

antagomiR Protoss - Winner!

Build Orders: Blink Stalkers 

Get SALT Encoding   

  12  0:01  Probe  
  13  0:13  Probe  
  14  0:18  Pylon  
  14  0:26  Probe  
  15  0:39  Gateway  
  15  0:41  Probe  
  16  0:53  Probe  
  17  1:07  Probe  
  18  1:19  Probe  
  19  1:32  Assimilator  
  19  1:42  Cybernetics Core  
  19  1:44  Probe  
  19  1:47  Assimilator  
  20  1:51  Pylon  
  20  1:57  Zealot (Chrono Boost)  
  22  2:05  Probe  
  22  2:17  Probe  
  22  2:18  Forge  
  23  2:39  Adept (Chrono Boost)  
  25  2:46  Probe  
  26  2:52  Photon Cannon  
  26  2:53  Pylon  
  26  2:58  Probe  
  27  3:08  Twilight Council  
  27  3:10  Probe  
  28  3:19  Gateway  
  28  3:23  Probe  
  29  3:35  Probe  
  30  3:41  Photon Cannon  
  30  3:47  Probe  
  31  3:50  Blink (Chrono Boost)  
  31  3:57  Warp Gate (Chrono Boost)  
  31  3:59  Probe  
  32  4:08  Gateway  
  32  4:18  Probe  
  33  4:28  Stalker  
  33  4:30  Probe  
  36  4:42  Probe  
  37  4:48  Gateway  
  37  4:54  Stalker  
  39  5:16  Protoss Ground Weapons Level 1 (Chrono Boost)  
  39  5:20  Pylon  
  39  5:38  Probe  
  39  5:42  Stalker x2  
  42  5:43  Pylon, Stalker  
  42  5:46  Pylon  
  46  5:50  Probe  
  47  6:10  Stalker x2  
  47  6:11  Stalker x2  
  55  6:45  Stalker x2  
  55  6:46  Stalker x2  
  63  7:03  Pylon  
  63  7:05  Pylon  
  63  7:21  Probe  
  62  7:32  Stalker x2  
  62  7:33  Probe, Stalker  
  65  7:50  Stalker  
  67  8:29  Stalker x3  
  67  8:30  Stalker  
  75  9:09  Stalker x2  
Show
View Real Time Build Order
Export as new Build Order

willy Protoss 

Build Orders:  

Get SALT Encoding   

  12  0:13  Pylon  
  12  0:23  Probe (Chrono Boost)  
  13  0:32  Forge  
  13  0:35  Probe (Chrono Boost)  
  14  0:48  Pylon  
  14  0:59  Pylon  
  14  1:07  Pylon  
  12  1:40  Gateway  
  12  1:42  Gateway  
  12  1:49  Pylon  
  12  1:57  Photon Cannon  
  12  2:15  Probe  
  13  2:23  Pylon  
  13  2:28  Probe  
  14  2:36  Photon Cannon  
  14  2:42  Zealot  
  16  2:49  Zealot  
  18  3:04  Photon Cannon  
  18  3:10  Zealot  
  20  3:26  Photon Cannon  
  20  3:31  Photon Cannon  
  20  3:36  Zealot  
  21  3:50  Zealot  
  23  4:03  Zealot  
  23  4:08  Cybernetics Core  
  25  4:16  Assimilator  
  25  4:18  Zealot  
  25  4:22  Assimilator  
  27  4:25  Probe (Chrono Boost)  
  28  4:35  Probe (Chrono Boost)  
  29  4:39  Probe (Chrono Boost)  
  30  4:50  Probe  
  31  5:02  Probe  
  31  5:05  Zealot x2  
  34  5:26  Pylon  
  34  5:30  Probe (Chrono Boost)  
  34  5:32  Zealot  
  37  5:40  Probe (Chrono Boost)  
  38  5:45  Probe (Chrono Boost)  
  39  5:57  Probe  
  40  5:59  Stalker  
  38  6:09  Probe  
  39  6:22  Stalker  
  37  6:29  Stalker  
  39  6:46  Stargate  
  39  6:52  Stargate, Stalker  
  41  6:58  Probe  
  42  7:10  Probe, Stalker  
  43  7:26  Probe  
  7  7:55  Stalker x2  
  10  8:25  Stalker  
Tags
 
Composition
Blink Stalkers
Matchup
PvP
Replay Pack
20200422
Spawn Locations
Cross Positions
Add a new tag
Caveats
  • Supply blocks, unpowered buildings, or Contaminate may cause inaccurate times.
  • Supply counts are checked every 10 seconds.